 Dungeon Crawl Stone Soup version 0.30-a0-140-gd1020e658a (webtiles) character file.

Game seed: 10468089765500089481

9852 ytrimaz the Transmogrifier (level 11, -15/82 HPs)
             Began as an Octopode Transmuter on Sept 24, 2022.
             Was a Follower of Ashenzari.
             Killed from afar by an acid dragon (30 damage)
             ... with a splash of acid
             ... on level 11 of the Dungeon.
             The game lasted 00:18:30 (12239 turns).

ytrimaz the Transmogrifier (Octopode Transmuter)   Turns: 12239, Time: 00:18:31

Health: -15/82     AC:  9    Str: 17    XL:     11   Next: 53%
Magic:  19/26      EV: 10    Int: 19    God:    Ashenzari [*.....]
Gold:   176        SH:  0    Dex: 12    Spells: 20/32 levels left

rFire   . . .      SeeInvis .      - Unarmed
rCold   + + +      Faith    .    (shield currently unavailable)
rNeg    . . .      Spirit   .    (helmet currently unavailable)
rPois   +          Reflect  .    a - amulet of Toth-Mos's Legacy {Regen+, Elem, Self} (curse)
rElec   .          Harm     .    h - ring "Share My Loss" {Str+6, Elem, Comp} (curse)
rCorr   .          Rampage  .    r - ring of protection from fire
Will    .....                    (no ring)
Stlth   +.........               (no ring)
HPRegen 1.03/turn                (no ring)
MPRegen 0.20/turn                (no ring)
                                 (no ring)
                                 (no ring)

@: ice-form, wereblooded
A: freezing attack, boosted hp, almost no armour, amphibious, 8 rings, large,
(camouflage 1), (gelatinous body 1), (nimble swimmer 1), (tentacles), robust 1,
evolution 1, (heat vulnerability 1)
a: End Transformation, Renounce Religion, Curse Item, Shatter the Chains


You were on level 11 of the Dungeon.
You worshipped Ashenzari.
Ashenzari was aware of your devotion.
You were a creature of crystalline ice.
You visited 2 branches of the dungeon, and saw 12 of its levels.

You collected 617 gold pieces.
You spent 441 gold pieces at shops.


Innate Abilities, Weirdness & Mutations

You are a creature of crystalline ice.
You have a powerful freezing melee attack.
Your maximum health is increased.
Your armour is entirely melded.
You are incapable of wielding weapons or throwing items.
You cannot wear most types of armour.
You are amphibious.
You can wear up to eight rings at the same time.
((Your skin changes colour to match your surroundings (Stealth+).))
((Your rubbery body absorbs attacks. (AC +1, EV +1)))
((You are camouflaged when in or above water. (Stealth+)))
((You have tentacles for arms and can constrict up to eight enemies at once.))
You are robust. (+10% HP)
You have hidden genetic potential.
((You are vulnerable to heat. (rF-)))


   Skills:
 + Level 1.0(1.5) Fighting
 - Level 2.0 Dodging
 + Level 7.5 Unarmed Combat
 - Level 10.3(11.2) Spellcasting
 - Level 11.2 Transmutations
 - Level 4.0(5.2) Ice Magic
 - Level 4.0 Poison Magic


You had 20 spell levels left.
You knew the following spells:

 Your Spells              Type           Power      Damage    Failure   Level
b - Wereblood             Tmut           52%        N/A       1%          2
c - Spider Form           Tmut/Pois      39%        N/A       1%          3
d - Ice Form              Ice/Tmut       41%        N/A       2%          4
e - Frozen Ramparts       Ice            60%        1d10      2%          3

Your spell library contained the following spells:

 Spells                   Type           Power      Damage    Failure   Level
 Beastly Appendage        Tmut           100%       N/A       1%          1
 Freeze                   Ice            100%       1d11      1%          1
 Ensorcelled Hibernation  Hex/Ice        40%        N/A       3%          2
 Cigotuvi's Dreadful Rot  Necr/Pois/Air  32%        N/A       5%          2
 Summon Small Mammal      Summ           44%        N/A       6%          1
 Apportation              Tloc           20%        N/A       7%          1
 Alistair's Intoxication  Tmut/Pois      26%        N/A       9%          5
 Static Discharge         Conj/Air       20%        2-3/arc   10%         2
 Call Canine Familiar     Summ           11%        N/A       19%         3
 Summon Guardian Golem    Hex/Summ       10%        N/A       19%         3
 Hailstorm                Conj/Ice       20%        3d6       22%         4
 Anguish                  Hex/Necr       5%         N/A       54%         4
 Dispel Undead            Necr           11%        3d9       54%         4
 Arcjolt                  Conj/Air       5%         1d15      87%         5
 Lightning Bolt           Conj/Air       5%         1d17      87%         5
 Death Channel            Necr           5%         N/A       100%        6
 Maxwell's Capacitive Co  Air            5%         ∞         100%        8

Inventory:

Armour
 d - a +2 hat of stealth (melded)
   (You took it off Gastronok on level 8 of the Dungeon)
Jewellery
 a - the cursed amulet of Toth-Mos's Legacy (around neck) {Regen+, Elem, Self}
   (You found it on level 2 of the Dungeon)

   [amulet of regeneration]

   Regen:     It increases your rate of health regeneration.
   It has a curse which improves the following skills: Elements: Fire Magic, Ice
   Magic, Air Magic and Earth Magic.
   Introspection: Fighting and Spellcasting.
 h - the cursed ring "Share My Loss" (left front paw) {Str+6, Elem, Comp}
   (You found it on level 3 of the Dungeon)

   [ring of strength]

   Str:       It affects your strength (+6).
   It has a curse which improves the following skills: Elements: Fire Magic, Ice
   Magic, Air Magic and Earth Magic.
   Companions: Summonings and Necromancy.
 o - an amulet of reflection
   (You found it on level 5 of the Dungeon)
 r - a ring of protection from fire (right front paw)
   (You bought it in a shop on level 10 of the Dungeon)
 t - an amulet of magic regeneration
   (You found it on level 6 of the Dungeon)
Wands
 i - a wand of digging (4) (quivered)
   (You found it on level 9 of the Dungeon)
 m - a wand of flame (21)
   (You took it off Ijyb on level 4 of the Dungeon)
 p - a wand of roots (15)
   (You took it off Blork the orc on level 5 of the Dungeon)
 u - a wand of paralysis (1)
   (You found it on level 6 of the Dungeon)
 y - a wand of acid (2)
   (You found it on level 10 of the Dungeon)
Scrolls
 b - 6 scrolls of magic mapping
 c - 6 scrolls of teleportation
 g - 2 scrolls of enchant weapon
 j - a scroll of amnesia
 l - 3 scrolls of fog
 q - a scroll of immolation
 s - 4 scrolls of enchant armour
 v - a scroll of brand weapon
Potions
 e - a potion of flight
 f - 2 potions of brilliance
 k - 2 potions of cancellation
 n - a potion of mutation
 w - a potion of attraction
 x - a potion of lignification

Dungeon Overview and Level Annotations

Branches:
Dungeon (11/15) Zot: 26956  Temple (1/1) D:6 Zot: 5768     Orc (0/2) D:9
   Lair: D:8-11

Altars:
Ashenzari
Cheibriados
Dithmenos
Elyvilon
Fedhas
Gozag
Hepliaklqana
Kikubaaqudgha
Makhleb
Nemelex Xobeh
Okawaru
Qazlal
Ru
Sif Muna
Trog
Uskayaw
Vehumet
Wu Jian
Xom
Yredelemnul
Zin
The Shining One

Shops:
D:4 *   D:5 :   D:7 *   D:10 =

Annotations:
D:3 3 runed translucent doors, bande's ghost, amateur HOFi
D:5 1 runed translucent door, Crazy Yiuf
D:10 exclusion: ice statue

######### #.......#
#.......# ####.......#
##########..........#
.........K.D........#
########.#.go..Y#.####
.....oK'.#........#
......g#.#........#
####..##.#.#..##..######
#... ..#.#..##.......#
#.. ..#.#..##.......#
#... ..#.#...........#
#... ...#.#......######
.... .#.#......#


You could see an orc warrior, an acid dragon (catching breath), a kobold brigand
and a gnoll sergeant.


Message History

Casting: Frozen Ramparts (dangerous; 2% risk of failure)
Confirm with . or Enter, or press ? or * to list all spells.
You don't know that spell.
Found a stone staircase leading down.
Unknown command.
Casting: Frozen Ramparts (dangerous; 2% risk of failure)
Confirm with . or Enter, or press ? or * to list all spells.
Okay, then.
Okay, then.
You now have 176 gold pieces (gained 11).
You open the door.
A kobold brigand, 2 orc warriors and an acid dragon come into view.
The kobold brigand is wielding a +0 dagger and quivering curare-tipped darts.
Unknown command.
There are monsters nearby!
There are monsters nearby!
There are monsters nearby!
Casting: Frozen Ramparts (dangerous; 2% risk of failure)
Confirm with . or Enter, or press ? or * to list all spells.
You turn into a creature of crystalline ice.
Your +2 hat of stealth melds into your body.
You feel less stealthy.
The kobold brigand shouts!
The orc warrior shouts!
The acid dragon roars!
You hear a shout! 😎 HP[+13] MP[-4]
You now have 82 max hp (+13).
Your hp is fully restored (82).
You lost 4 mp, and now have 22/26 mp.
Unknown command.
A gnoll sergeant comes into view. It is wielding a +0 trident.
The orc warrior shouts!
The acid dragon bites you.
The acid dragon claws you but does no damage.
The orc warrior hits you from afar with a +0 halberd!
There is an open door here. 😕 HP[-8]
You take 8 damage, and now have 74/82 hp.
Casting: Ice Form (dangerous; 2% risk of failure)
Confirm with . or Enter, or press ? or * to list all spells.
Casting: Frozen Ramparts (mildly dangerous; 2% risk of failure)
Press: ? - help, Dir - look around, f - activate An open door.
The walls around you are covered in ice.
The wall freezes the acid dragon!
The acid dragon bites you.
The acid dragon claws you but does no damage.
The wall freezes the kobold brigand!
The wall freezes the orc warrior but does no damage.
The orc warrior closely misses you. 😕 HP[-4] MP[-3]
You take 4 damage, and now have 70/82 hp.
You lost 3 mp, and now have 19/26 mp.
Unknown command.
Casting: Frozen Ramparts (mildly dangerous; 2% risk of failure)
Confirm with . or Enter, or press ? or * to list all spells.
Your blood is infused with primal strength.
The wall freezes the acid dragon.
The acid dragon bites you. The acid dragon barely misses you.
The wall freezes the kobold brigand but does no damage.
The kobold brigand hits you with a +0 dagger.
The wall freezes the orc warrior.
The orc warrior hits you from afar with a +0 halberd!
The wall freezes the orc warrior.
The orc warrior hits you from afar with a +0 halberd.
* * * LOW HITPOINT WARNING * * *
😨 HP[-29] MP[-2]
You take 29 damage, and now have 41/82 hp.
MASSIVE DAMAGE!! (PAUSE)
You lost 2 mp, and now have 17/26 mp.
Unknown command.
You hit the acid dragon but do no damage. 😮 HP[+1] Unknown command.
Unknown command.
Your frozen ramparts will break if you move.
Continue?
Okay, then.
Unknown command.
Your frozen ramparts will break if you move.
Continue?
The frozen ramparts melt away as you move.
Ashenzari invites you to partake of a vision and a curse of beguiling and introspection. 😮 HP[+1] MP[+1]
The acid dragon spits acid at you. The splash of acid hits you!
* * * LOW HITPOINT WARNING * * *
You hear a shout! 😨 HP[-14]
You take 14 damage, and now have 29/82 hp. 😨 HP[+1] 😨 HP[+1] 😨 HP[+1]
The acid dragon spits acid at you. The splash of acid hits you!!
* * * LOW HITPOINT WARNING * * *
😱 HP[-20] MP[+1]
You take 20 damage, and now have 12/82 hp.
MASSIVE DAMAGE!! (PAUSE) 😱 HP[+1]
There is a stone staircase leading up here. 😱 HP[+1]
The acid dragon spits acid at you. The splash of acid hits you!!
You die...

Skill      XL: |  1  2  3  4  5  6  7  8  9 10 11 |
---------------+----------------------------------+-----
Poison Magic   | 1 2 4 |  4.0
Ice Magic      | 1 4 |  4.0
Transmutations | 3 5 7 9 10 11 | 11.2
Spellcasting   | 3 4 6 8 9 10 | 10.3
Unarmed Combat | 6 7 |  7.5
Fighting       | |  1.0
Dodging        | |  2.0

Action                   |  1- 3 |  4- 6 |  7- 9 | 10-12 || total
-------------------------+-------+-------+-------+-------++-------
Melee: Unarmed           |   108 |   147 |   264 |   180 ||   699
       Kick              |    10 |    17 |       |       ||    27
       Constrict         |    19 |    19 |     4 |     1 ||    43
       Tentacles         |    13 |    11 |     4 |     2 ||    30
       Punch             |     1 |     1 |       |     1 ||     3
 Cast: Beastly Appendage |    10 |    12 |     1 |       ||    23
       Spider Form       |     1 |     9 |     7 |       ||    17
       Wereblood         |       |     4 |     9 |    13 ||    26
       Ice Form          |       |     2 |    21 |    32 ||    55
       Frozen Ramparts   |       |       |    11 |    25 ||    36
Invok: Curse Item        |       |       |       |     2 ||     2
Evoke: Wand              |       |       |       |     7 ||     7
  Use: Scroll            |     5 |     5 |     5 |     5 ||    20
       Potion            |     1 |     2 |       |    13 ||    16
 Stab: Sleeping          |     1 |     7 |       |       ||     8
Armor: Skin              |    13 |    20 |   107 |    95 ||   235
Dodge: Dodged            |    78 |   111 |   134 |   154 ||   477

Levels and vault maps discovered:
D:1:      onia_arrival_pyramid, layout_loops_ring,
          shapermc_ecumenical_altar_ellora
D:2:      layout_basic, st_stairs_1, small_statue_intersection, uniq_sigmund
D:3:      minmay_evil_eye, layout_loops_corners, mainiacjoe_overflow_24_doors,
          gammafunk_ghost_split, kennysheep_generic_room_16
D:4:      layout_gridville, mainiacjoe_overflow_concentric_impassable,
          minmay_overflow_temple_star_quad, serial_shops, kennysheep_little_box,
          minivault_5, hangedman_glass_teeth, chequers_serial_rivers_room_b,
          minmay_misc_feat_four_crosses, kennysheep_generic_room_11, uniq_ijyb,
          uniq_robin
D:5:      layout_basic, nicolae_sif_muna_condensation,
          mainiacjoe_overflow_boulevard, cheibrodos_worm_habitat,
          nicolae_shop_self_help, uniq_blork_the_orc, uniq_crazy_yiuf_cottage,
          uniq_duvessa
D:6:      layout_cave_pods, mainiacjoe_overflow_catwalk,
          minmay_temple_entry_large_hall, uniq_pikel
D:7:      layout_cave_pods, mainiacjoe_overflow_surrounded_room,
          nicolae_shop_fire_sale [nicolae_sub_dead_trees], uniq_joseph,
          uniq_prince_ribbit1
D:8:      layout_basic, nicolae_dithmenos_through_a_glass_darkly,
          uniq_gastronok, uniq_grum, uniq_psyche
D:9:      layout_irregular_city, nicolae_tso_swordbearing_angel,
          mainiacjoe_overflow_brackets, erik_orc_4, library_closet
D:10:     lemuel_ice_statue, layout_gridville, serial_shops, shop
D:11:     minmay_quarter_circles, layout_basic, dpeg_oklobed_lair, serial_shops,
          nicolae_lakefront_shop
Temple:   grunt_temple_mini_profane

Notes
Turn   | Place    | Note
-------+----------+-------------------------------------------
     0 | D:1      | ytrimaz the Octopode Transmuter began the quest for the
                  | Orb.
     0 | D:1      | Reached XP level 1. HP: 13/13 MP: 3/3
     0 | D:1      | magus.rc [v1.9.6]
   219 | D:1      | Reached skill level 1 in Poison Magic
   227 | D:1      | Reached skill level 1 in Ice Magic
   227 | D:1      | Reached XP level 2. HP: 7/18 MP: 5/5
   434 | D:1      | HP: 4/18 [poisoned by a kobold]
  1078 | D:1      | Found a faded altar of an unknown god.
  1094 | D:1      | You pick up a book of Frost and begin reading...
  1094 | D:1      | You add the spells Freeze, Frozen Ramparts and Hailstorm to
                  | your library.
  1121 | D:1      | Learned a level 2 spell: Wereblood
  1161 | D:1      | Reached skill level 2 in Poison Magic
  1170 | D:1      | Reached XP level 3. HP: 13/23 MP: 6/6
  1174 | D:1      | Learned a level 3 spell: Spider Form
  1569 | D:1      | Reached skill level 2 in Ice Magic
  2003 | D:2      | Noticed Sigmund
  2011 | D:2      | Killed Sigmund
  2012 | D:2      | Reached skill level 4 in Ice Magic
  2012 | D:2      | Reached skill level 4 in Poison Magic
  2012 | D:2      | Reached XP level 4. HP: 28/28 MP: 7/7
  2012 | D:2      | Reached XP level 5. HP: 33/33 MP: 8/8
  2145 | D:2      | Reached XP level 6. HP: 38/38 MP: 6/9
  3258 | D:3      | You pick up a book of Party Tricks and begin reading...
  3258 | D:3      | You add the spells Apportation and Alistair's Intoxication
                  | to your library.
  3280 | D:3      | Found a runed translucent gate.
  3281 | D:3      | Found a runed translucent gate.
  3281 | D:3      | Found a runed translucent gate.
  3284 | D:3      | Noticed bande's ghost (amateur HOFi)
  3342 | D:3      | Learned a level 4 spell: Ice Form
  3789 | D:3      | Found a shimmering altar of Xom.
  4056 | D:3      | Reached skill level 3 in Transmutations
  4297 | D:4      | Reached skill level 3 in Spellcasting
  4388 | D:4      | You pick up a book of Dreams and begin reading...
  4388 | D:4      | You add the spells Ensorcelled Hibernation and Anguish to
                  | your library.
  4612 | D:4      | Found Axzut's General Store.
  4631 | D:4      | Reached XP level 7. HP: 42/43 MP: 9/12
  4679 | D:4      | Bought a scroll of teleportation for 33 gold pieces
  4679 | D:4      | Bought a scroll of teleportation for 33 gold pieces
  4732 | D:4      | Reached skill level 4 in Transmutations
  4765 | D:4      | Noticed Robin
  4779 | D:4      | Killed Robin
  4780 | D:4      | Reached skill level 4 in Spellcasting
  4986 | D:4      | Found an opulent altar of Gozag.
  5014 | D:4      | Found a hazy altar of Hepliaklqana.
  5018 | D:4      | Found a hide-covered altar of Uskayaw.
  5051 | D:4      | Found an ancient bone altar of Kikubaaqudgha.
  5331 | D:4      | Identified the +0 chain mail of Jucs {rF- Int+6 SInv
                  | Stlth+}
  5381 | D:4      | Noticed Ijyb
  5389 | D:4      | Killed Ijyb
  5644 | D:5      | Entered Level 5 of the Dungeon
  5671 | D:5      | Learned a level 3 spell: Frozen Ramparts
  5697 | D:5      | Found a shimmering blue altar of Sif Muna.
  5770 | D:5      | Noticed Dowan
  5776 | D:5      | Noticed Duvessa
  5782 | D:5      | Killed Duvessa
  5783 | D:5      | Reached skill level 5 in Transmutations
  5783 | D:5      | Reached XP level 8. HP: 48/48 MP: 1/15
  5788 | D:5      | Killed Dowan
  5789 | D:5      | Reached skill level 5 in Spellcasting
  5928 | D:5      | Found Yfanguf's Self-Improvement Boutique.
  6077 | D:5      | Found a runed translucent door.
  6078 | D:5      | Noticed Crazy Yiuf
  6142 | D:5      | Reached skill level 6 in Transmutations
  6151 | D:5      | Noticed Blork the orc
  6161 | D:5      | Killed Blork the orc
  6229 | D:5      | Found a white marble altar of Elyvilon.
  6267 | D:5      | Found a snail-covered altar of Cheibriados.
  6498 | D:5      | Reached skill level 6 in Spellcasting
  6510 | D:5      | You pick up a book of Decay and begin reading...
  6510 | D:5      | You add the spells Cigotuvi's Dreadful Rot, Dispel Undead
                  | and Death Channel to your library.
  6936 | D:6      | Found a staircase to the Ecumenical Temple.
  6945 | D:6      | Reached skill level 7 in Transmutations
  6958 | Temple   | Entered the Ecumenical Temple
  7167 | Temple   | Became a worshipper of Ashenzari the Shackled
  7206 | D:6      | Noticed Pikel
  7220 | D:6      | Reached XP level 9. HP: 51/53 MP: 6/18
  7246 | D:6      | Killed Pikel
  7247 | D:6      | Reached skill level 7 in Spellcasting
  7637 | D:6      | Reached skill level 8 in Transmutations
  7640 | D:6      | Found a radiant altar of Vehumet.
  7658 | D:6      | Noticed a hornet
  7672 | D:6      | Killed a hornet
  8224 | D:7      | Found Lurgh's Fire Supplies.
  8426 | D:7      | Noticed Prince Ribbit
  8468 | D:7      | Killed Prince Ribbit
  8469 | D:7      | Reached skill level 8 in Spellcasting
  8532 | D:7      | Found a burning altar of Makhleb.
  8592 | D:7      | Noticed Joseph
  8606 | D:7      | Killed Joseph
  8607 | D:7      | Reached skill level 9 in Transmutations
  8607 | D:7      | Reached XP level 10. HP: 26/58 MP: 17/22
  8613 | D:7      | HP: 16/69 [sky beast (5)]
  8943 | D:7      | Reached skill level 4 in Unarmed Combat
  9281 | D:8      | Reached skill level 9 in Spellcasting
  9283 | D:8      | Reached skill level 5 in Unarmed Combat
  9407 | D:8      | Noticed Psyche
  9414 | D:8      | Killed Psyche
  9477 | D:8      | Noticed Gastronok
  9486 | D:8      | HP: 15/69 [Gastronok (32)]
  9492 | D:8      | HP: 11/87 [Gastronok/the air (19)]
  9494 | D:8      | Gained mutation: You have hidden genetic defects. [potion
                  | of mutation]
  9494 | D:8      | Gained mutation: You are strong-willed. (Will+) [potion of
                  | mutation]
  9511 | D:8      | Killed Gastronok
  9512 | D:8      | Reached skill level 10 in Transmutations
  9518 | D:8      | Gained mutation: Your magical capacity is low. (-10% MP)
                  | [hidden defects]
  9550 | D:8      | Found a shadowy altar of Dithmenos.
  9650 | D:8      | Reached skill level 6 in Unarmed Combat
  9775 | D:8      | Noticed Grum
  9784 | D:8      | Reached XP level 11. HP: 40/63 MP: 4/22
  9790 | D:8      | HP: 9/75 [Grum/-1 spear (16)]
  9791 | D:8      | Killed Grum
  9950 | D:9      | Gained mutation: You are frail. (-10% HP) [hidden defects]
  9950 | D:9      | Lost mutation: You have hidden genetic defects. [hidden
                  | defects expressed]
 10191 | D:9      | HP: 10/67 [orc warrior/+0 trident (10)]
 10286 | D:9      | Reached skill level 10 in Spellcasting
 10376 | D:9      | You pick up a book of Lightning and begin reading...
 10376 | D:9      | You add the spells Static Discharge, Lightning Bolt,
                  | Arcjolt and Maxwell's Capacitive Coupling to your library.
 10448 | D:9      | Found a staircase to the Orcish Mines.
 10609 | D:9      | Reached skill level 7 in Unarmed Combat
 10670 | D:9      | Found an iron altar of Okawaru.
 10706 | D:9      | Reached * piety under Ashenzari
 11003 | D:9      | Found a glowing golden altar of the Shining One.
 11079 | D:10     | Entered Level 10 of the Dungeon
 11098 | D:10     | Reached skill level 11 in Transmutations
 11486 | D:10     | Identified the +3 leather armour "Telaeshrenosm" {Will-
                  | Str+2 Int+2}
 11641 | D:10     | Noticed a sixfirhy
 11643 | D:10     | HP: 14/67 [sixfirhy[a kobold demonologist] (9)]
 11644 | D:10     | HP: 6/67 [kobold demonologist/+0 dagger (5)]
 11651 | D:10     | You pick up a book of Callings and begin reading...
 11651 | D:10     | You add the spells Summon Small Mammal, Call Canine
                  | Familiar and Summon Guardian Golem to your library.
 11748 | D:9      | Lost mutation: Your magical capacity is low. (-10% MP)
                  | [potion of mutation]
 11748 | D:9      | Lost mutation: You are strong-willed. (Will+) [potion of
                  | mutation]
 11748 | D:9      | Lost mutation: You are frail. (-10% HP) [potion of
                  | mutation]
 11748 | D:9      | Gained mutation: You are vulnerable to heat. (rF-) [potion
                  | of mutation]
 11748 | D:9      | Gained mutation: You have hidden genetic potential. [potion
                  | of mutation]
 11748 | D:9      | Gained mutation: You are robust. (+10% HP) [potion of
                  | mutation]
 11761 | D:10     | Found Ruros's Jewellery Shop.
 11765 | D:10     | Bought a ring of protection from fire for 375 gold pieces
 12236 | D:11     | HP: 12/82 [acid dragon/splash of acid (21)]
 12239 | D:11     | Killed from afar by an acid dragon

Vanquished Creatures
  Gastronok (D:8)
  Pikel (D:6)
  Joseph (D:7)
  Psyche (D:8)
  A kobold demonologist (D:10)
  2 trolls (D:10)
  A hornet (D:6)
  Prince Ribbit (D:7)
  Sigmund (D:2)
  10 yaks
  2 wyverns
  3 steam dragons
  Grum (D:8)
  Duvessa (D:5)
  A water moccasin (D:8)
  2 ice beasts
  2 sky beasts
  2 orc warriors
  4 wolves (D:8)
  A black bear (D:6)
  2 centaurs
  An ogre (D:4)
  2 phantoms
  4 lemures (D:6)
  Blork the orc (D:5)
  2 kobold brigands
  3 necrophages
  5 bullfrogs
  2 scorpions (D:5)
  Dowan (D:5)
  12 killer bees
  A howler monkey (D:10)
  4 jellies
  8 orc priests
  2 hounds (D:6)
  3 iguanas
  Ijyb (D:4)
  6 orc wizards
  Robin (D:4)
  8 gnolls (D:4)
  11 adders
  2 worms (D:5)
  3 dart slugs
  40 orcs
  3 endoplasms
  4 giant cockroaches (D:1)
  18 goblins
  11 hobgoblins
  12 jackals
  6 quokkas
  7 ball pythons
  5 bats
  6 frilled lizards
  22 kobolds
  4 rats
262 creatures vanquished.

Vanquished Creatures (collateral kills)
  A warg (D:9)
  An orc warrior (D:9)
  An orc wizard (D:9)
  4 orcs (D:9)
7 creatures vanquished.

Vanquished Creatures (others)
  An orc wizard (D:9)
  A goblin (D:4)
  2 fungi (D:5)
4 creatures vanquished.

Grand Total: 273 creatures vanquished

Table legend:
 A = Non-vault XP
 B = Vault XP
 C = Vault XP percentage of total XP
 D = Non-vault monster count
 E = Vault monster count
 F = Vault count percentage of total count
                 A         B        C        D         E       F
            +---------+---------+-------+---------+---------+-------
      Total |    8980 |    5095 |  36.2 |     213 |      53 |  19.9
            +---------+---------+-------+---------+---------+-------
        D:1 |      63 |       0 |   0.0 |      36 |       0 |   0.0
        D:2 |      83 |     230 |  73.5 |      18 |       2 |  10.0
        D:3 |      86 |      19 |  18.1 |      25 |       6 |  19.4
        D:4 |     506 |      74 |  12.8 |      21 |      14 |  40.0
        D:5 |     759 |     318 |  29.5 |      23 |       4 |  14.8
        D:6 |    1170 |     651 |  35.7 |      22 |       1 |   4.3
        D:7 |     455 |     719 |  61.2 |      11 |       2 |  15.4
        D:8 |    2144 |    2557 |  54.4 |      18 |       7 |  28.0
        D:9 |    1410 |     527 |  27.2 |      24 |      17 |  41.5
       D:10 |    2304 |       0 |   0.0 |      15 |       0 |   0.0
            +---------+---------+-------+---------+---------+-------

Illustrated notes

Table legend:
 A = Kills in this place as a percentage of kills in entire the game.
 B = Kills by you in this place as a percentage of kills by you in the entire game.
 C = Kills by friends in this place as a percentage of kills by friends in the entire game.
 D = Other kills in this place as a percentage of other kills in the entire game.
 E = Experience gained in this place as a percentage of experience gained in the entire game.
 F = Experience gained in this place divided by the number of levels of this place that you have seen.
                   A       B       C       D       E      F
               +-------+-------+-------+-------+-------+----------------------
         Total | 100.0 | 100.0 | 100.0 | 100.0 | 100.0 | 1172.9
       Dungeon | 100.0 | 100.0 | 100.0 | 100.0 | 100.0 | 1279.5
               +-------+-------+-------+-------+-------+----------------------

Table legend: (Time is in decaauts)
 A = Elapsed time spent in this place.
 B = Non-inter-level travel time spent in this place.
 C = Inter-level travel time spent in this place.
 D = Time resting spent in this place.
 E = Time spent auto-exploring this place.
 F = Levels seen in this place.
 G = Mean time per level.
                   A        B        C        D        E       F      G
               +--------+--------+--------+--------+--------+-----+--------+
         Total |  12174 |  11828 |    346 |    161 |   9611 |  12 | 1014.5 |
       Dungeon |  11942 |  11640 |    302 |    161 |   9430 |  11 | 1085.6 |
        Temple |    231 |    187 |     44 |      0 |    181 |   1 |  231.0 |
               +--------+--------+--------+--------+--------+-----+--------+

Top non-repeatable levels by time:
     D:1: 1995 daAuts
     D:4: 1419 daAuts
     D:9: 1226 daAuts
     D:5: 1162 daAuts
     D:3: 1110 daAuts
     D:2: 1100 daAuts
     D:6: 1072 daAuts
    D:10: 1033 daAuts
     D:7: 950 daAuts
     D:8: 828 daAuts
  Temple: 231 daAuts
    D:11: 42 daAuts
